 Dungeon Crawl Stone Soup version 0.30-a0-1043-g60ff8d5f49 (webtiles) character file.

Game seed: 3501627883457142183

470 dylz the Slasher (level 6, 0/52 HPs)
             Began as a Demigod Fighter on Apr 9, 2023.
             Slain by an ufetubus (1 damage)
             ... on level 5 of the Dungeon on Apr 10, 2023.
             The game lasted 00:08:21 (3505 turns).

dylz the Slasher (Demigod Fighter)                  Turns: 3505, Time: 00:08:22

Health: 0/52       AC:  7    Str: 25    XL:     6   Next: 52%
Magic:  8/8        EV: 10    Int: 10    God:
Gold:   155        SH:  5    Dex: 13    Spells: 5/5 levels left

rFire   . . .      SeeInvis .    a - +0 long sword
rCold   . . .      Faith    .    c - +0 buckler
rNeg    . . .      Spirit   .    b - +0 scale mail
rPois   .          Reflect  .    (no helmet)
rElec   .          Rampage  .    (no cloak)
rCorr   .                        (no gloves)
Will    .....                    (no boots) Stlth
                                 (no amulet)
HPRegen 0.28/turn                (no ring)
MPRegen 0.11/turn                (no ring)

@: mighty, lethally poisoned (0 -> -7), flying, studying Throwing
A: high MP 1, forlorn, divine attributes
a: no special abilities


You were on level 5 of the Dungeon.
You visited 1 branch of the dungeon, and saw 5 of its levels.

You collected 155 gold pieces.

Inventory:

Hand Weapons
 a - a +0 long sword (weapon)
Armour
 b - a +0 scale mail (worn)
 c - a +0 buckler (worn)
Scrolls
 j - 3 scrolls of identify
 l - a scroll of brand weapon {unknown}
 m - a scroll of fear {unknown}
Potions
 f - a potion of magic {unknown}
 g - a potion of degeneration {unknown}
 i - a potion of invisibility {unknown}
 k - 2 potions of lignification {unknown}


   Skills:
 + Level 3.6 Fighting
 * Level 4.7 Long Blades
 + Level 3.9 Armour
 + Level 1.3 Dodging
 + Level 0.1 Stealth
 + Level 3.5 Shields


You had 5 spell levels left.
You didn't know any spells.
Your spell library contained the following spells:

 Spells                   Type           Power      Damage    Failure   Level
 Sting                    Tmut/Pois      0%         1d3       75%         1
 Poisonous Vapours        Pois/Air       0%         N/A       86%         2
 Olgreb's Toxic Radiance  Pois           0%         N/A       100%        4


Dungeon Overview and Level Annotations

Branches:
Dungeon (6/15)
 Temple: D:4-7


Innate Abilities, Weirdness & Mutations

You have an increased reservoir of magic. (+10% MP)
You shall have no god before yourself.
Your divine heritage dramatically boosts your attributes as you level up.


Message History

* * * LOW HITPOINT WARNING * * *
The ufetubus barely misses you. You block the scorpion's attack.
There are monsters nearby!
There are monsters nearby!
You feel better. The ufetubus hits you. You block the ufetubus's attack.
You block the sleepcap's attack. The scorpion closely misses you.
The sleepcap attacks as you move away! The sleepcap releases spores at you.
The ufetubus hits you but does no damage.
The ufetubus barely misses you.
The scorpion stings you but does no damage.
The ufetubus hits you.
* * * LOW HITPOINT WARNING * * *
You block the ufetubus's attack.
There are monsters nearby!
You feel very mighty all of a sudden. The ufetubus barely misses you.
The ufetubus hits you.
* * * LOW HITPOINT WARNING * * *
The scorpion stings you but does no damage.
The sleepcap releases spores at you.
* * * LOW HITPOINT WARNING * * *
You closely miss the scorpion.
The scorpion is heavily wounded.
You block the ufetubus's attack.
The ufetubus hits you but does no damage.
The scorpion stings you but does no damage.
The sleepcap releases spores at you.
* * * LOW HITPOINT WARNING * * *
The ufetubus hits you.
* * * LOW HITPOINT WARNING * * *
The ufetubus closely misses you. You block the scorpion's attack.
It was a potion of flight.
You feel very buoyant.
You fly up into the air.
You block the ufetubus's attack. The ufetubus misses you.
The sleepcap releases spores at you but does no damage.
The scorpion stings you.
* * * LOW HITPOINT WARNING * * *
You are lethally poisoned!
The scorpion poisons you! The ufetubus hits you.
You die...

...................
#..................
#..................
#..................
#..................
.............)....
.................
...........$.....
.......@f........
.......5s........
.................
.................
.................
.................
.................
.................
...............


You could see a sleepcap, a scorpion and an ufetubus.

Vanquished Creatures
  An ogre (D:5)
  A phantom (D:3)
  A jelly (D:5)
  An orc priest (D:3)
  Jessica (D:2)
  Terence (D:2)
  An iguana (D:5)
  An orc wizard (D:2)
  A mummy (D:5)
  4 adders
  3 gnolls (D:2)
  3 worms (D:2)
  2 dart slugs
  6 orcs (D:3)
  3 endoplasms (D:2)
  2 giant cockroaches
  5 goblins
  3 hobgoblins (D:2)
  2 jackals (D:2)
  8 kobolds
  3 quokkas
  5 ball pythons
  2 bats (D:1)
  4 frilled lizards
  6 rats
70 creatures vanquished.

Notes
Turn   | Place    | Note
-------+----------+-------------------------------------------
     0 | D:1      | dylz the Demigod Fighter began the quest for the Orb.
     0 | D:1      | Reached XP level 1. HP: 18/18 MP: 3/3
   351 | D:1      | Reached XP level 2. HP: 25/25 MP: 4/4
   675 | D:2      | Reached skill level 2 in Long Blades
   719 | D:2      | Reached XP level 3. HP: 19/31 MP: 5/5
  1241 | D:2      | Reached XP level 4. HP: 29/38 MP: 6/6
  1329 | D:2      | Reached skill level 3 in Long Blades
  1976 | D:2      | Noticed Terence
  1978 | D:2      | Noticed Jessica
  1983 | D:2      | Killed Terence
  1985 | D:2      | Killed Jessica
  2498 | D:3      | Reached XP level 5. HP: 44/45 MP: 7/7
  2539 | D:2      | Reached skill level 1 in Dodging
  3303 | D:3      | Reached skill level 4 in Long Blades
  3303 | D:3      | Reached XP level 6. HP: 44/51 MP: 8/8
  3331 | D:3      | You fall into a shaft and drop 3 floors!
  3336 | D:5      | Entered Level 5 of the Dungeon
  3505 | D:5      | HP: 1/52 [scorpion (2)]
  3505 | D:5      | Slain by an ufetubus

Illustrated notes

Levels and vault maps discovered:
D:1:      dpeg_arrival_simpleton_a, layout_loops_ring, amcnicky_mini_pool_small
D:2:      layout_loops_ring, kennysheep_jessica_study, uniq_terence
D:3:      layout_basic
D:5:      lemuel_ratsnest, layout_basic, slow_altar_1, uniq_grinder
D:6:      layout_cave_pools, minmay_temple_entry_grid

Skill      XL: |  1  2  3  4  5 |
---------------+----------------+-----
Armour         | 3 |  3.9
Shields        | 3 |  3.5
Fighting       | 3 |  3.6
Long Blades    | 2 3 4 |  4.7
Dodging        | 1 |  1.3
Stealth        | |  0.1

Action                     |  1- 3 |  4- 6 || total
---------------------------+-------+-------++-------
  Melee: Long sword        |   105 |   213 ||   318
    Use: Scroll            |       |     6 ||     6
         Potion            |       |     8 ||     8
 Armour: Scale mail        |    43 |   141 ||   184
  Dodge: Dodged            |    62 |   156 ||   218
  Block: Buckler           |    21 |    70 ||    91

Table legend: (Time is in decaauts)
 A = Elapsed time spent in this place.
 B = Non-inter-level travel time spent in this place.
 C = Inter-level travel time spent in this place.
 D = Time resting spent in this place.
 E = Time spent auto-exploring this place.
 F = Levels seen in this place.
 G = Mean time per level.
                   A        B        C        D        E       F      G
               +--------+--------+--------+--------+--------+-----+--------+
         Total |   3595 |   3477 |    118 |   1082 |   1643 |   5 |  719.0 |
       Dungeon |   3595 |   3477 |    118 |   1082 |   1643 |   5 |  719.0 |
               +--------+--------+--------+--------+--------+-----+--------+

Top non-repeatable levels by time:
     D:2: 2147 daAuts
     D:3: 665 daAuts
     D:1: 602 daAuts
     D:5: 176 daAuts
     D:6: 4 daAuts
